MLB
CHICAGO CUBS @ ST. LOUIS CARDINALS
10/01/2098
 
TOP OF THE 1ST
Chicago Cubs batting - Pitching for St. Louis Cardinals : RHP David Herman
Pitching: RHP David Herman
Batting: RHB Armando Valenzuela 0-0: Called Strike
0-1: Foul Ball, location: 2F
0-2: Ball
1-2: Strikes out looking
Batting: LHB Nick Criswell 0-0: Ball
1-0: Ball
2-0: Foul Ball, location: 3F
2-1: Ball
3-1: Swinging Strike
3-2: Strikes out swinging
Batting: LHB Elijah Fairchild 0-0: Ball
1-0: Called Strike
1-1: Ball
2-1: Ball
3-1: SOLO HOME RUN (Flyball, 9D, EV 96.9 MPH), Distance : 372 ft
Batting: LHB Esteban Castro 0-0: Called Strike
0-1: Ball
1-1: Ball
2-1: Ball
3-1: Fly out, F6 (Popup, 6S, EV 74.4 MPH)
Top of the 1st over - 1 run, 1 hit, 0 errors, 0 left on base; Chicago 1 - St. Louis 0
BOTTOM OF THE 1ST
St. Louis Cardinals batting - Pitching for Chicago Cubs : RHP Angel Alvarez
Pitching: RHP Angel Alvarez
Batting: RHB Gabe Vega 0-0: Called Strike
0-1: Foul Ball, location: 23F
0-2: Fly out, F5 (Popup, 5F, EV 75.6 MPH)
Batting: RHB Ryan Collier 0-0: Ground out 6-3 (Groundball, 6, EV 81.3 MPH)
Batting: SHB Bryan Smolka 0-0: Ball
1-0: Called Strike
1-1: Fly out, F7 (Flyball, 78S, EV 92.5 MPH)
Bottom of the 1st over - 0 runs, 0 hits, 0 errors, 0 left on base; Chicago 1 - St. Louis 0
TOP OF THE 2ND
Chicago Cubs batting - Pitching for St. Louis Cardinals : RHP David Herman
Batting: LHB Israel Perez 0-0: Swinging Strike
0-1: Ball
1-1: Foul Ball, location: 7LMF
1-2: Ball
2-2: Fly out, F2 (Popup, 25F, EV 76.9 MPH)
Batting: RHB Amir Shaw 0-0: Called Strike
0-1: Ball
1-1: Ball
2-1: Ball
3-1: Fly out, F4 (Popup, 4MD, EV 66.9 MPH)
Batting: RHB Devin Williams 0-0: Ball
1-0: Called Strike
1-1: Ball
2-1: Fly out, F8 (Line Drive, 8RM, EV 85.0 MPH)
Top of the 2nd over - 0 runs, 0 hits, 0 errors, 0 left on base; Chicago 1 - St. Louis 0
BOTTOM OF THE 2ND
St. Louis Cardinals batting - Pitching for Chicago Cubs : RHP Angel Alvarez
Batting: LHB Edwin Longoria 0-0: Ball
1-0: Swinging Strike
1-1: Foul Ball, location: 7LDF
1-2: Foul Ball, location: 2F
1-2: Ground out U3 (Groundball, 13, EV 89.4 MPH)
Batting: LHB Jose Nieto 0-0: Ball
1-0: Ball
2-0: Ball
3-0: Called Strike
3-1: Ground out 4-3 (Groundball, 34, EV 81.3 MPH)
Batting: RHB Jayden Whaley 0-0: Ground out 6-3 (Groundball, 6M, EV 86.3 MPH)
Bottom of the 2nd over - 0 runs, 0 hits, 0 errors, 0 left on base; Chicago 1 - St. Louis 0
TOP OF THE 3RD
Chicago Cubs batting - Pitching for St. Louis Cardinals : RHP David Herman
Batting: LHB Brent Griffin 0-0: Foul Ball, location: 2F
0-1: Ball
1-1: Ground out U3 (Groundball, 34S, EV 85.6 MPH)
Batting: RHB Moises Palazuelos 0-0: Ground out 4-3 (Groundball, 4S, EV 81.9 MPH)
Batting: RHB Armando Valenzuela 0-0: Ground out 1-3 (Groundball, 13, EV 66.9 MPH)
Top of the 3rd over - 0 runs, 0 hits, 0 errors, 0 left on base; Chicago 1 - St. Louis 0
BOTTOM OF THE 3RD
St. Louis Cardinals batting - Pitching for Chicago Cubs : RHP Angel Alvarez
Batting: LHB Brett Rinehart 0-0: Called Strike
0-1: Ball
1-1: Called Strike
1-2: Ball
2-2: Fly out, F3 (Line Drive, 34, EV 65.6 MPH)
Batting: LHB Ricky Rios 0-0: Ball
1-0: Swinging Strike
1-1: Foul Ball, location: 7LDF
1-2: Ball
2-2: Strikes out swinging
Batting: RHB Jason Rush 0-0: Ball
1-0: Foul Ball, location: 2RF
1-1: Ball
2-1: Called Strike
2-2: Ground out 4-3 (Groundball, 4, EV 104.4 MPH)
Bottom of the 3rd over - 0 runs, 0 hits, 0 errors, 0 left on base; Chicago 1 - St. Louis 0
TOP OF THE 4TH
Chicago Cubs batting - Pitching for St. Louis Cardinals : RHP David Herman
Batting: LHB Nick Criswell 0-0: Ball
1-0: Fly out, F5 (Popup, 56S, EV 65.0 MPH)
Batting: LHB Elijah Fairchild 0-0: Ball
1-0: Foul Ball, location: 5F
1-1: Foul Ball, location: 23F
1-2: Ball
2-2: Ball
3-2: Foul Ball, location: 7LMF
3-2: Foul Ball, location: 3SF
3-2: Base on Balls
Batting: LHB Esteban Castro 0-0: DOUBLE (Line Drive, 3D, EV 105.0 MPH)
Elijah Fairchild to third
Runner from 3rd tries for Home, SAFE, throw by RF to trailing runner, SAFE at third!
Batting: LHB Israel Perez 0-0: Ground out 4-3 (Groundball, 4, EV 68.8 MPH)
Esteban Castro scores
Batting: RHB Amir Shaw 0-0: Ball
1-0: Ground out 5-3 (Groundball, 56, EV 85.6 MPH)
Top of the 4th over - 2 runs, 1 hit, 0 errors, 0 left on base; Chicago 3 - St. Louis 0
BOTTOM OF THE 4TH
St. Louis Cardinals batting - Pitching for Chicago Cubs : RHP Angel Alvarez
Batting: RHB Gabe Vega 0-0: Ball
1-0: Called Strike
1-1: Fly out, F7 (Flyball, 7D, EV 102.5 MPH)
Batting: RHB Ryan Collier 0-0: Called Strike
0-1: Hit by Pitch
Batting: SHB Bryan Smolka 0-0: Ball
1-0: Ball
2-0: Fly out, F9 (Line Drive, 89M, EV 91.3 MPH)
Batting: LHB Edwin Longoria 0-0: Ball
1-0: Swinging Strike
1-1: Foul Ball, location: 2F
1-2: 2-RUN HOME RUN (Flyball, 89XD, EV 106.3 MPH), Distance : 406 ft
Batting: LHB Jose Nieto 0-0: Ball
1-0: Ball
2-0: Called Strike
2-1: Ground out 3-1 (Groundball, 34S, EV 83.8 MPH)
Bottom of the 4th over - 2 runs, 1 hit, 0 errors, 0 left on base; Chicago 3 - St. Louis 2
TOP OF THE 5TH
Chicago Cubs batting - Pitching for St. Louis Cardinals : RHP David Herman
Batting: RHB Devin Williams 0-0: Called Strike
0-1: Called Strike
0-2: Ground out 6-3 (Groundball, 6S, EV 86.9 MPH)
Batting: LHB Brent Griffin 0-0: Ball
1-0: Ball
2-0: Ball
3-0: Called Strike
3-1: Foul Ball, location: 5DF
3-2: Foul Ball, location: 2F
3-2: Fly out, F6 (Popup, 6MS, EV 80.0 MPH)
Batting: RHB Moises Palazuelos 0-0: SINGLE (Line Drive, 8LS, EV 90.0 MPH)
Batting: RHB Armando Valenzuela 0-0: Ball
1-0: Ball
2-0: Reached via error on a dropped throw from SS, E3 (Groundball, 6S, EV 65.6 MPH)
Moises Palazuelos to second
Batting: LHB Nick Criswell 0-0: SINGLE (Flyball, 8LS, EV 100.0 MPH)
Moises Palazuelos to third
Armando Valenzuela to second
Runner from 3rd tries for Home, SAFE, throw by CF to home
Batting: LHB Elijah Fairchild 0-0: Ball
1-0: Called Strike
1-1: Ball
2-1: Swinging Strike
2-2: Strikes out swinging
Top of the 5th over - 1 run, 2 hits, 1 error, 2 left on base; Chicago 4 - St. Louis 2
BOTTOM OF THE 5TH
St. Louis Cardinals batting - Pitching for Chicago Cubs : RHP Angel Alvarez
Batting: RHB Jayden Whaley 0-0: Swinging Strike
0-1: Ball
1-1: Fly out, F9 (Line Drive, 9LS, EV 93.1 MPH)
Batting: LHB Brett Rinehart 0-0: Swinging Strike
0-1: Ground out 5-3 (Groundball, 56S, EV 80.6 MPH)
Batting: LHB Ricky Rios 0-0: Called Strike
0-1: Foul Ball, location: 23F
0-2: Ball
1-2: Ball
2-2: Ball
3-2: Foul Ball, location: 2F
3-2: SINGLE (Groundball, 6MD, EV 100.0 MPH)
Batting: RHB Jason Rush 0-0: Called Strike
0-1: Foul Ball, location: 25F
0-2: SINGLE (Groundball, 6MD, EV 103.1 MPH)
Ricky Rios to second
Batting: RHB Gabe Vega 0-0: Ball
1-0: Foul Ball, location: 23F
1-1: Fly out, F9 (Flyball, 89D, EV 110.6 MPH)
Bottom of the 5th over - 0 runs, 2 hits, 0 errors, 2 left on base; Chicago 4 - St. Louis 2
TOP OF THE 6TH
Chicago Cubs batting - Pitching for St. Louis Cardinals : RHP David Herman
Batting: LHB Esteban Castro 0-0: Swinging Strike
0-1: Foul Ball, location: 2F
0-2: Strikes out swinging
Batting: LHB Israel Perez 0-0: Ball
1-0: Ball
2-0: Foul Ball, location: 2F
2-1: Called Strike
2-2: Ball
3-2: SINGLE (Groundball, 4MD, EV 95.6 MPH)
Batting: RHB Amir Shaw 0-0: Called Strike
0-1: Called Strike
0-2: Ball
1-2: Foul Ball, location: 2F
1-2: Grounds into double play, 4-6-3 (Groundball, 4MD, EV 98.8 MPH)
Top of the 6th over - 0 runs, 1 hit, 0 errors, 0 left on base; Chicago 4 - St. Louis 2
BOTTOM OF THE 6TH
St. Louis Cardinals batting - Pitching for Chicago Cubs : RHP Angel Alvarez
Batting: RHB Ryan Collier 0-0: Ball
1-0: Swinging Strike
1-1: Foul Ball, location: 2F
1-2: Foul Ball, location: 9LDF
1-2: Strikes out swinging
Batting: SHB Bryan Smolka 0-0: Ball
1-0: Foul Ball, location: 3DF
1-1: Foul Ball, location: 3F
1-2: Ball
2-2: Foul Ball, location: 2F
2-2: Ball
3-2: SINGLE (Line Drive, 34D, EV 103.8 MPH)
Batting: LHB Edwin Longoria 0-0: Ball
Wild Pitch!
Bryan Smolka to second
1-0: Ground out 6-3 (Groundball, 6S, EV 64.4 MPH)
Bryan Smolka to third
Batting: LHB Jose Nieto 0-0: Called Strike
0-1: Foul Ball, location: 3F
0-2: Strikes out swinging
Bottom of the 6th over - 0 runs, 1 hit, 0 errors, 1 left on base; Chicago 4 - St. Louis 2
TOP OF THE 7TH
Chicago Cubs batting - Pitching for St. Louis Cardinals : RHP David Herman
Batting: RHB Devin Williams 0-0: Called Strike
0-1: Ball
1-1: Ball
2-1: Called Strike
2-2: Ball
3-2: Foul Ball, location: 2F
3-2: Foul Ball, location: 5FF
3-2: Fly out, F8 (Flyball, 8RS, EV 74.4 MPH)
Batting: LHB Brent Griffin 0-0: Ball
1-0: Ball
2-0: Foul Ball, location: 3DF
2-1: Fly out, F8 (Flyball, 8LD, EV 108.1 MPH)
Batting: RHB Moises Palazuelos 0-0: Ball
1-0: SINGLE (Line Drive, 89S, EV 95.0 MPH)
Batting: RHB Armando Valenzuela 0-0: Ground out U3 (Groundball, 3, EV 86.3 MPH)
Top of the 7th over - 0 runs, 1 hit, 0 errors, 1 left on base; Chicago 4 - St. Louis 2
BOTTOM OF THE 7TH
St. Louis Cardinals batting - Pitching for Chicago Cubs : RHP Angel Alvarez
Batting: RHB Jayden Whaley 0-0: Ball
1-0: Foul Ball, location: 2F
1-1: Ball
2-1: Ground out 5-3 (Groundball, 56S, EV 87.5 MPH)
Batting: LHB Brett Rinehart 0-0: Ball
1-0: Foul Ball, location: 7LSF
1-1: SINGLE (Line Drive, 89S, EV 93.8 MPH)
Batting: LHB Ricky Rios 0-0: Fly out, F5 (Popup, 5SF, EV 73.1 MPH)
Batting: RHB Jason Rush 0-0: Called Strike
0-1: Ball
1-1: Ground out 5-3 (Groundball, 5L, EV 96.3 MPH)
Bottom of the 7th over - 0 runs, 1 hit, 0 errors, 1 left on base; Chicago 4 - St. Louis 2
TOP OF THE 8TH
Chicago Cubs batting - Pitching for St. Louis Cardinals : RHP David Herman
Pitching: RHP Alfredo Razo
Batting: LHB Nick Criswell 0-0: Ball
1-0: Ball
2-0: Ball
3-0: Base on Balls
Batting: LHB Elijah Fairchild 0-0: Called Strike
0-1: Ball
1-1: Foul Ball, location: 7LDF
1-2: SINGLE (Line Drive, 56D, EV 98.8 MPH)
Nick Criswell to second
Batting: LHB Esteban Castro 0-0: Ball
1-0: Ball
2-0: Ball
3-0: Base on Balls
Nick Criswell to third
Elijah Fairchild to second
Pitching: LHP Edarian Anderson
Pinch Hitting: RHB Kevin Luzzo 0-0: Foul Ball, location: 23F
0-1: Swinging Strike
0-2: Strikes out swinging
Batting: RHB Amir Shaw 0-0: Ball
1-0: Ball
2-0: Called Strike
2-1: Called Strike
2-2: Foul Ball, location: 2F
2-2: Foul Ball, location: 9LSF
2-2: Ball
3-2: Foul Ball, location: 2F
3-2: Base on Balls
Nick Criswell scores
Elijah Fairchild to third
Esteban Castro to second
Batting: RHB Devin Williams 0-0: Fly out, F8 (Flyball, 8RM, EV 96.9 MPH)
Runner from 3rd tags up, SCORES, throw by CF
Now in CF: David Martinez
Batting: LHB Brent Griffin 0-0: Ground out 4-3 (Groundball, 4, EV 81.9 MPH)
Top of the 8th over - 2 runs, 1 hit, 0 errors, 2 left on base; Chicago 6 - St. Louis 2
BOTTOM OF THE 8TH
St. Louis Cardinals batting - Pitching for Chicago Cubs : RHP Angel Alvarez
Now at 2B: Ryan Greenhill
Batting: RHB Gabe Vega 0-0: Ball
1-0: Ball
2-0: Called Strike
2-1: Swinging Strike
2-2: Ball
3-2: Foul Ball, location: 9LMF
3-2: Foul Ball, location: 2F
3-2: Foul Ball, location: 2F
3-2: SINGLE (Groundball, 6S, EV 74.4 MPH) (infield hit)
Pitching: LHP Jamie DeCiantis
Batting: RHB Ryan Collier 0-0: Ball
1-0: Swinging Strike
1-1: Ball
2-1: Ball
3-1: Fly out, F5 (Popup, 5F, EV 80.0 MPH)
Batting: SHB Bryan Smolka 0-0: Swinging Strike
0-1: Foul Ball, location: 3FF
0-2: Foul Ball, location: 2F
0-2: Strikes out swinging
Pinch Hitting: RHB Jeff Saxton 0-0: Called Strike
0-1: Foul Ball, location: 9LSF
0-2: Fielders Choice at 2nd, 6-4 (Groundball, 6, EV 100.6 MPH)
Bottom of the 8th over - 0 runs, 1 hit, 0 errors, 1 left on base; Chicago 6 - St. Louis 2
TOP OF THE 9TH
Chicago Cubs batting - Pitching for St. Louis Cardinals : LHP Edarian Anderson
Now in LF: Jeff Saxton
Batting: RHB Moises Palazuelos 0-0: Ball
1-0: SINGLE (Line Drive, 56, EV 102.5 MPH)
Batting: RHB Armando Valenzuela 0-0: Called Strike
0-1: Ball
1-1: Ball
2-1: Foul Ball, location: 2F
2-2: Strikes out looking
Batting: LHB Nick Criswell 0-0: Ball
1-0: Ball
2-0: SINGLE (Flyball, 6D, EV 96.9 MPH)
Moises Palazuelos to second
Batting: LHB Elijah Fairchild 0-0: Ball
1-0: Ball
2-0: Called Strike
2-1: Fielders Choice at 2nd, 4-6 (Groundball, 4, EV 84.4 MPH)
Moises Palazuelos to third
Batting: LHB Esteban Castro 0-0: Ball
1-0: Foul Ball, location: 7LDF
1-1: Ball
2-1: Fly out, F8 (Flyball, 8RD, EV 83.1 MPH)
Top of the 9th over - 0 runs, 2 hits, 0 errors, 2 left on base; Chicago 6 - St. Louis 2
BOTTOM OF THE 9TH
St. Louis Cardinals batting - Pitching for Chicago Cubs : LHP Jamie DeCiantis
Batting: LHB Jose Nieto 0-0: Called Strike
0-1: Ball
1-1: Ball
2-1: Ground out 6-3 (Groundball, 56, EV 101.9 MPH)
Batting: RHB Jayden Whaley 0-0: Ball
1-0: Foul Ball, location: 5F
1-1: Ball
2-1: Foul Ball, location: 2F
2-2: Ball
3-2: Foul Ball, location: 23F
3-2: Strikes out swinging
Batting: RHB David Martinez 0-0: Ball
1-0: Foul Ball, location: 3SF
1-1: Called Strike
1-2: Ball
2-2: Ball
3-2: SINGLE (Line Drive, 7LS, EV 101.9 MPH)
Pitching: RHP Josh Ruhe
Batting: LHB Ricky Rios 0-0: Ball
1-0: Called Strike
1-1: Called Strike
1-2: Ball
2-2: Ball
3-2: Base on Balls
David Martinez to second
Pinch Hitting: LHB Jonathan Steben 0-0: Ball
1-0: Ball
2-0: Ball
3-0: Base on Balls
David Martinez to third
Ricky Rios to second
Pinch Hitting: LHB Jeremiah Ford 0-0: Called Strike
0-1: SINGLE (Groundball, 2L, EV 71.9 MPH) (infield hit)
David Martinez scores
Ricky Rios to third
Jonathan Steben to second
Pitching: RHP Ryan Ahlstrom
Batting: RHB Ryan Collier 0-0: SINGLE (Groundball, 34D, EV 101.3 MPH)
Ricky Rios scores
Jonathan Steben to third
Jeremiah Ford to second
Batting: SHB Bryan Smolka 0-0: Fly out, F9 (Flyball, 9D, EV 94.4 MPH)
Bottom of the 9th over - 2 runs, 3 hits, 0 errors, 3 left on base; Chicago 6 - St. Louis 4
Tuesday, April 16th , 2024 - OOTP Baseball 24.11 Build 85